 Seeded DCSS version 0.30-a0-1016-gfb0d676c02 (webtiles) character file.

Game seed: 14080597689618016214 (custom seed)

15604 GigaChad the Severer (level 12, -15/81 (97) HPs)
             Began as a Formicid Fighter on Apr 6, 2023.
             Was an Initiate of Gozag.
             Demolished by Rupert
             ... wielding a +3 great mace of draining
              (17 damage)
             ... on level 14 of the Dungeon.
             The game lasted 00:15:52 (9968 turns).

GigaChad the Severer (Formicid Fighter)             Turns: 9968, Time: 00:15:53

HP:   -15/81 (97)   AC: 11    Str: 28    XL:     12   Next: 59%
MP:   12/12         EV: 13    Int: 11    God:    Gozag
Gold: 1179          SH:  0    Dex: 17    Spells: 11/11 levels left

rFire   . . .      SeeInvis +    G - +1 war axe (flame)
rCold   + + .      Faith    .    c - +0 buckler
rNeg    . . .      Spirit   .    H - +0 swamp dragon scales
rPois   +          Reflect  .    (helmet unavailable)
rElec   .          Rampage  .    h - +0 cloak of the Game Afoot {rF- rC+ Regen+ Str+3}
rCorr   .                        (no gloves)
Will    +....                    (no boots)
Stlth   +++                      (no amulet)
HPRegen 1.13/turn                K - ring "Obbir" {Fly rPois Int+2 Dex+4 Stlth+}
MPRegen 0.13/turn                s - ring "Mahotsea" {rF+ rC+ Slay+2 Stlth+}

@: confused, flying, heavily drained
A: permanent stasis, dig shafts and tunnels, antennae 3, four strong arms
a: Dig, Shaft Self, Renounce Religion, Potion Petition, Call Merchant, Bribe
Branch


You were on level 14 of the Dungeon.
You worshipped Gozag.
Gozag was most pleased with you.
You visited 2 branches of the dungeon, and saw 14 of its levels.

You collected 1538 gold pieces.
You paid 359 gold pieces to Gozag.

Inventory:

Hand Weapons
 a - a +0 heavy war axe
 G - a +1 war axe of flaming (weapon)
 J - a +0 battleaxe
 M - a +0 battleaxe
Missiles
 A - 2 throwing nets
Armour
 b - a +0 scale mail
 c - a +0 buckler (worn)
 h - the +0 cloak of the Game Afoot (worn) {rF- rC+ Regen+ Str+3}
   (You acquired it on level 1 of the Dungeon)

   Str:       It affects your strength (+3).
   rF:        It makes you vulnerable to fire.
   rC:        It protects you from cold.
   Regen:     It increases your rate of health regeneration.
 o - a +0 chain mail
 F - a +0 plate armour
 H - +0 swamp dragon scales (worn)
Jewellery
 l - a +4 ring of protection
 s - the ring "Mahotsea" (right hand) {rF+ rC+ Slay+2 Stlth+}
   (You acquired it on level 2 of the Dungeon)

   [ring of protection from cold]

   Slay:      It affects your accuracy & damage with ranged weapons and melee
   (+2).
   rF:        It protects you from fire.
   rC:        It protects you from cold.
   Stlth:     It makes you more stealthy.
 v - a +6 ring of strength
 B - a ring of magical power
 E - an amulet of faith
 I - a ring of wizardry
 K - the ring "Obbir" (left hand) {Fly rPois Int+2 Dex+4 Stlth+}
   (You acquired it on level 11 of the Dungeon)

   [ring of flight]

   Int:       It affects your intelligence (+2).
   Dex:       It affects your dexterity (+4).
   rPois:     It protects you from poison.
   Fly:       It grants you flight.
   Stlth:     It makes you more stealthy.
Wands
 f - a wand of polymorph (8)
 x - a wand of iceblast (6)
 L - a wand of paralysis (4)
 O - a wand of digging (4)
Scrolls
 e - 8 scrolls of teleportation
 g - 5 scrolls of identify
 n - 3 scrolls of vulnerability
 p - 2 scrolls of poison
 q - 3 scrolls of noise
 r - 4 scrolls of immolation
 y - a scroll of enchant weapon {unknown}
 z - 7 scrolls of fog
 N - a scroll of fear {unknown}
Potions
 d - 3 potions of might
 i - 2 potions of flight {unknown}
 j - 10 potions of curing
 k - 7 potions of brilliance
 m - 5 potions of attraction {unknown}
 t - 4 potions of heal wounds
 u - a potion of ambrosia {unknown}
 w - 2 potions of lignification {unknown}
 C - 3 potions of mutation {unknown}
 D - 2 potions of resistance {unknown}
 P - 2 potions of degeneration {unknown}
 Q - 2 potions of magic {unknown}


   Skills:
 * Level 10.0 Fighting
 + Level 16.0 Axes
 * Level 10.1 Armour
 - Level 4.0 Dodging
 - Level 3.2 Stealth
 + Level 9.5 Shields


You had 11 spell levels left.
You didn't know any spells.
Your spell library contained the following spells:

 Spells                   Type           Power      Damage    Failure   Level
 Sting                    Tmut/Pois      0%         1d3       50%         1
 Lesser Beckoning         Tloc           0%         N/A       63%         2
 Poisonous Vapours        Pois/Air       0%         N/A       63%         2
 Gell's Gravitas          Tloc           0%         N/A       86%         3
 Teleport Other           Tloc           0%         N/A       86%         3
 Anguish                  Hex/Necr       0%         N/A       99%         4
 Olgreb's Toxic Radiance  Pois           0%         N/A       99%         4
 Passage of Golubria      Tloc           0%         N/A       99%         4
 Silence                  Hex/Air        0%         N/A       100%        5
 Enfeeble                 Hex            0%         N/A       100%        7
 Lehudib's Crystal Spear  Conj/Erth      0%         10d2      100%        8


Dungeon Overview and Level Annotations

Branches:
Dungeon (12/15)            Temple (1/1) D:6            Lair (0/5) D:10
    Orc (0/2) D:11

Altars:
Ashenzari
Cheibriados
Elyvilon
Fedhas
Gozag
Kikubaaqudgha
Okawaru
Sif Muna
Trog
Uskayaw
Vehumet
Wu Jian
Xom
Yredelemnul
Zin

Shops:
D:6 [:*   D:9 =   D:11 [

Annotations:
D:9 1 runed translucent door, jejorda2's ghost, adept MfBe
D:14 Rupert


Innate Abilities, Weirdness & Mutations

You cannot be hasted, slowed, berserked, paralysed or teleported.
You can dig through walls and to a lower floor.
You have a pair of large antennae on your head. (SInv)
Your four strong arms can wield two-handed weapons with a shield.


Message History

Rupert hits you with a +3 great mace of draining!!
You feel drained.
Unknown command.
You slash Rupert! You burn Rupert.
Rupert is lightly wounded.
Rupert hits you with a +3 great mace of draining!
You feel drained.
You barely miss Rupert.
Rupert is lightly wounded.
Unknown command.
You slash Rupert! You burn Rupert.
Rupert is moderately wounded.
Rupert hits you with a +3 great mace of draining!
You feel drained.
Unknown command.
Aiming: Paralyse
Press: ? - help, Shift-Dir - straight line, f - Rupert
Aim: Rupert, wielding a +3 great mace of draining and wearing a +0 ring mail (moderately wounded, chance to affect: 1%) Rupert resists with almost no effort.
Rupert yells loudly at you.
You are confused.
You slash Rupert! You burn Rupert.
Rupert is moderately wounded.
Rupert roars madly and goes into a rage!
Rupert goes berserk!
You slash Rupert! You burn Rupert.
Rupert is moderately wounded.
Rupert hits you with a +3 great mace of draining!
* * * LOW HITPOINT WARNING * * *
You feel drained.
* * * LOW HITPOINT WARNING * * *
You bump into the rock wall.
Rupert completely misses you.
You bump into the rock wall.
Rupert hits you with a +3 great mace of draining!
* * * LOW HITPOINT WARNING * * *
You feel drained.
* * * LOW HITPOINT WARNING * * *
Rupert hits you with a +3 great mace of draining!
You die...
Your body crumbles into a pile of gold.

#+#############
...............
...............
.......@.......
.......@.......
#########'##.....
#..........# ...
#..........# .
#..........+
#......###.#
#......###.#######
#.................
#.................


You could see Rupert (berserk).

Vanquished Creatures
  2 boulder beetles
  A two-headed ogre (D:10)
  Pikel (D:5)
  4 ugly things
  2 manticores
  2 cyclopes (D:12)
  Maurice (D:9)
  2 unseen horrors
  Maggie (D:7)
  A troll (D:11)
  A hornet (D:9)
  Grinder (D:5)
  A vampire (D:11)
  Sigmund (D:2)
  A slime creature (D:12)
  2 shadows (D:11)
  12 yaks
  A golden eye (shapeshifter) (D:14)
  A steam dragon (D:8)
  Grum (D:8)
  6 vampire mosquitoes
  An acid dragon (D:11)
  Edmund (D:5)
  2 water moccasins (D:10)
  2 black bears
  6 orc warriors
  An ice beast (D:7)
  4 ogres
  3 wolves (D:8)
  2 lemures (D:5)
  4 centaurs
  A phantom (D:6)
  8 bullfrogs
  5 kobold brigands
  A gnoll sergeant (D:8)
  5 scorpions
  5 wights (D:10)
  3 killer bees (D:9)
  3 howler monkeys
  6 hounds
  A jelly (D:8)
  8 orc priests
  4 iguanas
  3 sleepcaps
  Ijyb (D:3)
  3 orc wizards
  7 gnolls
  6 adders
  2 white imps
  An ufetubus (D:6)
  3 worms
  7 dart slugs
  38 orcs
  4 endoplasms
  3 giant cockroaches
  4 hobgoblins (D:2)
  9 jackals
  8 quokkas
  14 ball pythons
  2 bats (D:2)
  4 frilled lizards
  10 goblins
  35 kobolds
  8 rats
  A spectral orc (D:6)
294 creatures vanquished.

Vanquished Creatures (others)
  34 fungi (D:10)
  37 plants (D:10)
71 creatures vanquished.

Grand Total: 365 creatures vanquished

Notes
Turn   | Place    | Note
-------+----------+-------------------------------------------
     0 | D:1      | GigaChad the Formicid Fighter began the quest for the Orb.
     0 | D:1      | Reached XP level 1. HP: 18/18 MP: 1/1
   214 | D:1      | Reached XP level 2. HP: 24/24 MP: 2/2
   635 | D:1      | Reached XP level 3. HP: 20/29 MP: 3/3
   878 | D:1      | Identified a scroll of acquirement
   878 | D:1      | Acquired the +0 cloak of the Game Afoot {rF- rC+ Regen+
                  | Str+3}
  1032 | D:2      | Noticed Sigmund
  1045 | D:2      | Killed Sigmund
  1046 | D:2      | Reached skill level 4 in Axes
  1046 | D:2      | Reached XP level 4. HP: 37/37 MP: 4/4
  1046 | D:2      | Reached XP level 5. HP: 42/42 MP: 5/5
  1046 | D:2      | Reached XP level 6. HP: 48/48 MP: 6/6
  1448 | D:2      | Acquired the ring "Mahotsea" {rF+ rC+ Slay+2 Stlth+}
  1635 | D:3      | Noticed Ijyb
  1649 | D:3      | Killed Ijyb
  1749 | D:3      | Found a faded altar of an unknown god.
  2373 | D:4      | Noticed an ogre
  2377 | D:4      | Killed an ogre
  2378 | D:4      | Reached skill level 5 in Axes
  2378 | D:4      | Reached skill level 5 in Shields
  2378 | D:4      | Reached XP level 7. HP: 48/55 MP: 7/7
  2494 | D:4      | Reached skill level 1 in Dodging
  2620 | D:4      | Reached skill level 5 in Armour
  2711 | D:4      | Found a snail-covered altar of Cheibriados.
  2787 | D:4      | Found an iron altar of Okawaru.
  2790 | D:4      | Reached skill level 6 in Axes
  2790 | D:4      | Reached XP level 8. HP: 46/61 MP: 8/8
  3094 | D:5      | Entered Level 5 of the Dungeon
  3171 | D:5      | Noticed Edmund
  3180 | D:5      | Killed Edmund
  3396 | D:5      | Reached skill level 7 in Axes
  3419 | D:5      | Noticed Pikel
  3426 | D:5      | Killed Pikel
  3427 | D:5      | Reached skill level 5 in Fighting
  3427 | D:5      | Reached XP level 9. HP: 64/68 MP: 9/9
  3451 | D:5      | Reached skill level 8 in Axes
  3453 | D:5      | Noticed Grinder
  3463 | D:5      | Killed Grinder
  3776 | D:6      | Found a staircase to the Ecumenical Temple.
  3827 | D:6      | Acquired a manual of Axes
  4062 | D:6      | Reached skill level 9 in Axes
  4133 | D:6      | Found Gaharuf's Book Shop.
  4169 | D:6      | Found Sachiv's Armour Shop.
  4191 | D:6      | Found Deogor's General Store.
  4602 | D:6      | Found a basalt altar of Yredelemnul.
  4836 | D:7      | Reached skill level 10 in Axes
  4836 | D:7      | Reached XP level 10. HP: 76/76 MP: 10/10
  5007 | D:7      | Noticed Maggie
  5015 | D:7      | Killed Maggie
  5243 | D:7      | Found an ornate altar of the Wu Jian Council.
  5334 | D:8      | Reached skill level 11 in Axes
  5393 | D:8      | Noticed Grum
  5404 | D:8      | You fall into a shaft and drop 3 floors!
  5619 | D:11     | Reached skill level 1 in Stealth
  5637 | D:10     | Entered Level 10 of the Dungeon
  5875 | D:9      | Noticed Maurice
  5887 | D:9      | Killed Maurice
  5941 | D:9      | Reached skill level 12 in Axes
  6000 | D:9      | Found a hide-covered altar of Uskayaw.
  6037 | D:9      | Found Bunaqun's Jewellery Shoppe.
  6042 | D:9      | Noticed an unseen horror
  6050 | D:9      | Killed an unseen horror
  6241 | D:8      | Killed Grum
  6327 | D:8      | Reached XP level 11. HP: 75/83 MP: 11/11
  6442 | D:8      | Found a broken altar of Ashenzari.
  6625 | D:8      | Reached skill level 13 in Axes
  6878 | D:8      | Reached skill level 14 in Axes
  6970 | Temple   | Entered the Ecumenical Temple
  7096 | Temple   | Became a worshipper of Gozag Ym Sagoz the Greedy
  7380 | D:9      | Found a runed translucent door.
  7380 | D:9      | Noticed jejorda2's ghost (adept MfBe)
  7750 | D:10     | Found a staircase to the Lair.
  7889 | D:10     | Noticed a manticore
  7893 | D:10     | Killed a manticore
  7950 | D:10     | Noticed a two-headed ogre
  7956 | D:10     | Killed a two-headed ogre
  8013 | D:10     | Reached skill level 15 in Axes
  8091 | D:10     | Found a white marble altar of Elyvilon.
  8240 | D:10     | Found an ancient bone altar of Kikubaaqudgha.
  8479 | D:11     | Found Nameulu's Armour Shop.
  8479 | D:11     | Found a staircase to the Orcish Mines.
  8592 | D:11     | Acquired the ring "Obbir" {Fly rPois Int+2 Dex+4 Stlth+}
  8602 | D:11     | Noticed a boulder beetle
  8628 | D:11     | Killed a boulder beetle
  8629 | D:11     | Reached XP level 12. HP: 36/94 MP: 12/12
  9016 | D:12     | Noticed a boulder beetle
  9027 | D:12     | HP: 2/95 [boulder beetle (10)]
  9029 | D:12     | Killed a boulder beetle
  9030 | D:12     | Reached skill level 10 in Armour
  9218 | D:12     | Noticed a seven-headed hydra
  9222 | D:12     | You are sucked into a shaft and drop 2 floors!
  9471 | D:14     | Reached skill level 16 in Axes
  9477 | D:14     | Reached skill level 10 in Fighting
  9955 | D:14     | Noticed Rupert
  9968 | D:14     | HP: 2/81 [Rupert/+3 great mace of draining (5)]
  9968 | D:14     | Demolished by Rupert

Illustrated notes

Levels and vault maps discovered:
D:1:      lemuel_arrival_rhombus, layout_basic
D:2:      layout_loops_ring, uniq_sigmund
D:3:      kennysheep_the_goblin_king, layout_basic,
          dreamdust_ecumenical_altar_angels_and_demons, corner_web_ring
D:4:      layout_loops_cross, okawaru_trees_2, overflow_temple_1_default,
          minmay_divided_ellipse
D:5:      layout_loops_cross, grunt_tough_drop, uniq_ijyb, uniq_edmund,
          uniq_pikel, uniq_grinder
D:6:      layout_loops_corners, yredelemnul_forgotten_temple_becter,
          minmay_temple_entry_tees, serial_shops, nicolae_shop_behind_doors,
          nicolae_take_the_stairs, nicolae_shop_waterfront, minivault_23
D:7:      layout_basic, nzn_wu_jian_contemplation, amcnicky_mini_pool_small,
          uniq_maggie
D:8:      layout_basic, amcnicky_altar_gilded, lemuel_tele_altar, uniq_grum
D:9:      layout_basic, nicolae_uskayaw_dance_studio, ebering_ghost_inner_flame,
          serial_shops, nicolae_shop_trees, uniq_maurice
D:10:     layout_stronghold, mainiacjoe_overflow_swirl,
          due_lair_maze_entry_diamond
D:11:     layout_rooms, orc_david_3
D:12:     minmay_nested_s, layout_loops_ring, portal_ice_cave_entry_pillars_1
D:14:     layout_stronghold, lemuel_blue_sif_altar, uniq_rupert
Temple:   nicolae_temple_figure_eight

Skill      XL: |  1  2  3  4  5  6  7  8  9 10 11 12 |
---------------+-------------------------------------+-----
Fighting       | 4 5 6 8 10 | 10.0
Axes           | 4 5 6 7 10 12 15 16 | 16.0
Armour         | 4 5 6 7 8 9 10 | 10.1
Shields        | 5 6 7 8 9 |  9.5
Dodging        | 1 2 4 |  4.0
Stealth        | 2 3 |  3.2

Action                     |  1- 3 |  4- 6 |  7- 9 | 10-12 || total
---------------------------+-------+-------+-------+-------++-------
  Melee: War axe           |    93 |    78 |   159 |   322 ||   652
Ability: Shaft Self        |       |       |       |     2 ||     2
  Evoke: Wand              |       |       |       |     2 ||     2
    Use: Scroll            |     1 |     5 |     6 |     4 ||    16
   Stab: Sleeping          |       |       |       |     4 ||     4
         Distracted        |       |       |       |     2 ||     2
 Armour: Scale mail        |    38 |     3 |       |       ||    41
         Chain mail        |       |    56 |    89 |     5 ||   150
         Swamp dragon scal |       |       |       |    96 ||    96
         Plate armour      |       |       |       |     2 ||     2
  Dodge: Dodged            |    37 |    22 |    84 |   179 ||   322
  Block: Buckler           |    19 |    25 |    53 |   121 ||   218

Table legend: (Time is in decaauts)
 A = Elapsed time spent in this place.
 B = Non-inter-level travel time spent in this place.
 C = Inter-level travel time spent in this place.
 D = Time resting spent in this place.
 E = Time spent auto-exploring this place.
 F = Levels seen in this place.
 G = Mean time per level.
                   A        B        C        D        E       F      G
               +--------+--------+--------+--------+--------+-----+--------+
         Total |  10216 |   9744 |    472 |    942 |   6344 |  14 |  729.7 |
       Dungeon |  10061 |   9619 |    442 |    942 |   6223 |  13 |  773.9 |
        Temple |    154 |    124 |     30 |      0 |    121 |   1 |  154.0 |
               +--------+--------+--------+--------+--------+-----+--------+

Top non-repeatable levels by time:
     D:6: 1030 daAuts
     D:8: 954 daAuts
     D:1: 938 daAuts
    D:10: 867 daAuts
     D:9: 837 daAuts
     D:4: 807 daAuts
    D:14: 737 daAuts
    D:11: 731 daAuts
     D:3: 730 daAuts
     D:2: 726 daAuts
     D:5: 713 daAuts
     D:7: 648 daAuts
    D:12: 337 daAuts
  Temple: 154 daAuts
